 Dungeon Crawl Stone Soup version 0.27.1-33-g824d729ab1 (webtiles) character file.

Game seed: 3036698126236598726

3193 LLlMATKO the Fighter (level 9, -3/108 (123) HPs)
             Began as a Minotaur Berserker on Dec 29, 2021.
             Was an Elder of Trog.
             Slain by a wight (4 damage)
             ... on level 8 of the Dungeon.
             The game lasted 00:12:15 (8782 turns).

LLlMATKO the Fighter (Minotaur Berserker)           Turns: 8782, Time: 00:12:16

HP:   -3/108 (123)  AC: 17    Str: 21    XL:     9   Next: 64%
MP:   8/8           EV: 11    Int:  4    God:    Trog [****..]
Gold: 148           SH: 11    Dex: 14    Spells: 8/8 levels left

rFire    . . .     SeeInvis .   b - +0 morningstar (venom)
rCold    . . .     Faith    .   z - +1 kite shield
rNeg     . . .     Spirit   .   I - +0 plate armour
rPois    +         Reflect  .   (helmet restricted)
rElec    .         Harm     .   (no cloak)
rCorr    .         Rampage  .   (no gloves)
Will     .....                  v - +2 pair of boots
Stlth    ..........             (no amulet)
HPRegen  0.28/turn              g - +4 ring of evasion
MPRegen  0.11/turn              e - ring of poison resistance

@: berserking, studying Dodging, heavily drained, very quick
A: horns 2, retaliatory headbutt
a: Renounce Religion, Berserk, Trog's Hand, Brothers in Arms


You were on level 8 of the Dungeon.
You worshipped Trog.
Trog was greatly pleased with you.
You visited 1 branch of the dungeon, and saw 8 of its levels.
You also visited: Ossuary.

You collected 368 gold pieces.
You spent 220 gold pieces at shops.

Inventory:

Hand Weapons
 b - a +0 morningstar of venom (weapon)
Missiles
 i - 115 bolts
 x - 17 poisoned darts (quivered)
 y - 11 boomerangs
 F - 2 javelins
Armour
 v - a +2 pair of boots (worn)
 z - a +1 kite shield (worn)
 I - a +0 plate armour (worn)
Jewellery
 e - a ring of poison resistance (right hand)
 g - a +4 ring of evasion (left hand)
 j - a +6 ring of dexterity
 u - a ring of ice
 A - a ring of fire
 D - a ring of resist corrosion
 E - a ring of ice
Wands
 w - a wand of flame (19)
 B - a wand of iceblast (3)
 C - a wand of charming (5)
Scrolls
 a - 2 scrolls of teleportation
 l - 3 scrolls of amnesia
 m - 4 scrolls of blinking
 q - 6 scrolls of identify
 G - 2 scrolls of enchant armour
 H - a scroll of brand weapon
Potions
 c - 5 potions of curing
 d - 4 potions of heal wounds {unknown}
 f - a potion of magic {unknown}
 h - 5 potions of might {unknown}
 k - a potion of flight {unknown}
 n - 2 potions of lignification {unknown}
 o - a potion of ambrosia {unknown}
 p - 5 potions of degeneration
 r - a potion of invisibility {unknown}
 s - a potion of mutation {unknown}
 t - a potion of haste {unknown}


   Skills:
 + Level 8.6 Fighting
 + Level 8.5 Maces & Flails
 + Level 8.1 Armour
 + Level 7.8 Dodging
 + Level 4.9 Shields


You had 8 spell levels left.
You didn't know any spells.
Your spell library was empty.

Dungeon Overview and Level Annotations

Branches:
Dungeon (8/15)             Temple (0/1) D:6         Ossuary (visited)
   Lair: D:8-11

Altars:
Elyvilon

Shops:
D:4 *:[   D:5 ?


Innate Abilities, Weirdness & Mutations

You have a pair of horns on your head.
You reflexively headbutt those who attack you in melee.


Message History

You closely miss the wight. You block the wight's attack.
The wight closely misses you.
You closely miss the wight. The wight barely misses you.
The wight hits you but does no damage. You block the wight's attack. x2
You closely miss the wight. You headbutt the wight.
The wight is lightly damaged.
You block the wight's attack. The wight barely misses you.
You closely miss the wight.
The wight is lightly damaged.
The wight completely misses you. The wight hits you with a +0 halberd!
You barely miss the wight. Your headbutt misses the wight.
The wight is lightly damaged.
You block the wight's attack. x2
The wight hits you from afar with a +5 halberd.
You feel drained. The wight hits you with a +0 halberd!
You feel drained.
You puncture the wight!
You destroy the wight!
Trog accepts your kill. You block the wight's attack.
The wight hits you from afar with a +5 halberd!
* * * LOW HITPOINT WARNING * * *
You feel drained.
* * * LOW HITPOINT WARNING * * *
A red film seems to cover your vision as you go berserk!
You feel yourself moving faster!
You feel mighty! The wight barely misses you.
The wight hits you but does no damage.
The wight hits you from afar with a +5 halberd!
* * * LOW HITPOINT WARNING * * *
You feel drained.
* * * LOW HITPOINT WARNING * * *
You puncture the wight! You headbutt the wight.
You destroy the wight!
Trog accepts your kill. The wight hits you but does no damage.
The wight barely misses you. The wight hits you but does no damage.
The wight barely misses you.
Items here: " )) [[.
You barely miss the wight. The wight hits you with a +4 trident!
* * * LOW HITPOINT WARNING * * *
You feel drained.
You die...

#........>....# #.
#.####.#####..#
#........# #..#####.#
#.####..#####.# #
#..............# #.
#..###..#####..###. .
#..###.z#####...... #
#?......@......#
....?..).z######.#
####.....)... #######
#.####......
......####.####..#...#
###.#.........!..##.##
###...####.#####.# .#
...#### #†#####.# #
##.# ##........


You could see 2 wights.

Vanquished Creatures
  A troll (D:6)
  Sigmund (D:5)
  2 water moccasins
  A sky beast (D:7)
  A black bear (D:5)
  An ice beast (D:8)
  An orc warrior (D:7)
  5 ogres
  A bullfrog (D:7)
  2 scorpions
  A wyvern skeleton (D:6)
  6 killer bees (D:8)
  7 wights
  4 centaur zombies
  A centaur skeleton (D:7)
  A hound (D:5)
  2 jellies
  2 bullfrog zombies
  A gnoll shaman (D:7)
  5 orc priests
  3 human zombies (Ossuary)
  3 iguanas
  2 orc wizards
  A hound skeleton (D:4)
  5 mummies (Ossuary)
  4 gnolls (D:7)
  7 adders
  A shadow imp (D:5)
  2 ufetubi
  An adder skeleton (D:5)
  3 worms
  A dart slug (D:4)
  21 orcs
  7 ball pythons
  9 endoplasms
  5 giant cockroaches
  A gnoll zombie (Ossuary)
  10 goblins
  8 hobgoblins
  3 quokkas
  5 bats
  4 frilled lizards
  A goblin zombie (Ossuary)
  A hobgoblin zombie (Ossuary)
  7 kobolds
  7 rats (D:1)
168 creatures vanquished.

Vanquished Creatures (others)
  An orc wizard (D:5)
  A plant (D:2)
  2 withered plants (D:2)
4 creatures vanquished.

Grand Total: 172 creatures vanquished

Notes
Turn   | Place    | Note
-------+----------+-------------------------------------------
     0 | D:1      | LLlMATKO the Minotaur Berserker began the quest for the
                  | Orb.
     0 | D:1      | Reached XP level 1. HP: 19/19 MP: 0/0
   316 | D:1      | Reached XP level 2. HP: 27/27 MP: 1/1
  1117 | D:2      | Reached XP level 3. HP: 29/33 MP: 2/2
  1195 | D:2      | Reached ** piety under Trog
  1764 | D:2      | Reached XP level 4. HP: 39/40 MP: 3/3
  1860 | D:2      | Found a faded altar of an unknown god.
  2625 | D:3      | Found a white marble altar of Elyvilon.
  2826 | D:4      | Found Exyutoc's Book Boutique.
  2854 | D:4      | Noticed an ogre
  2859 | D:4      | Killed an ogre
  2860 | D:4      | Reached XP level 5. HP: 25/47 MP: 4/4
  2960 | D:4      | Noticed a water moccasin
  2966 | D:4      | Killed a water moccasin
  2967 | D:4      | Reached skill level 5 in Fighting
  2967 | D:4      | Reached skill level 5 in Maces & Flails
  2967 | D:4      | Reached XP level 6. HP: 18/56 MP: 5/5
  3325 | D:4      | Found Vahu's Antique Armour Boutique.
  3482 | D:4      | Found Aplustruad's General Store.
  3532 | D:4      | Found a sand-covered staircase.
  3537 | Ossuary  | Entered an ossuary
  3676 | Ossuary  | Reached skill level 5 in Armour
  3743 | Ossuary  | Reached XP level 7. HP: 55/62 MP: 6/6
  3912 | D:4      | Reached *** piety under Trog
  4249 | D:5      | Entered Level 5 of the Dungeon
  4309 | D:5      | Noticed Sigmund
  4328 | D:5      | Killed Sigmund
  4329 | D:5      | Reached skill level 5 in Dodging
  4929 | D:5      | Reached XP level 8. HP: 71/71 MP: 7/7
  5217 | D:5      | Reached skill level 1 in Shields
  5326 | D:5      | Found Syschuz's Magic Scroll Shoppe.
  6249 | D:6      | Noticed a troll
  6260 | D:6      | Killed a troll
  6448 | D:6      | Found a staircase to the Ecumenical Temple.
  6875 | D:6      | Reached **** piety under Trog
  7088 | D:7      | Reached XP level 9. HP: 81/81 MP: 8/8
  8407 | D:5      | Bought a scroll of brand weapon for 220 gold pieces
  8408 | D:5      | Identified a scroll of acquirement
  8408 | D:5      | Acquired a manual of Dodging
  8782 | D:8      | HP: 1/111 [wight (10)]
  8782 | D:8      | Slain by a wight

Illustrated notes

Levels and vault maps discovered:
D:1:      shiori_arrival_elements, layout_loops_ring, hangedman_decor_push,
          item_on_display_a
D:2:      layout_loops_ring, shapermc_ecumenical_altar_flowoftime, hex_tiny
D:3:      layout_rooms, nicolae_elyvilon_temple_path
D:4:      layout_loops_cross, serial_shops, nicolae_shop_trees,
          nicolae_shop_statue_plus, kennysheep_little_box, enter_ossuary_2,
          corexii_checkpoint_a, serial_bayou_pond_d
D:5:      layout_basic, serial_shops, shop, roderic_serpentine_path,
          uniq_sigmund
D:6:      layout_loops_ring, minmay_temple_entry_statues_pillars
D:7:      layout_basic, serial_corexii_hall, corexii_hall_statues_i,
          corexii_hall_statues_i, corexii_hall_statues_i
D:8:      layout_loops_ring

Skill      XL: |  1  2  3  4  5  6  7  8  9 |
---------------+----------------------------+-----
Maces & Flails | 4 5 6 7 8 |  8.5
Fighting       | 4 5 6 7 8 |  8.6
Armour         | 3 4 5 6 7 8 |  8.1
Dodging        | 3 4 5 6 7 |  7.8
Shields        | 3 4 |  4.9

Action                   |  1- 3 |  4- 6 |  7- 9 || total
-------------------------+-------+-------+-------++-------
Melee: Mace              |    69 |    38 |       ||   107
       Headbutt          |    10 |    26 |    53 ||    89
       Morningstar       |       |    65 |   216 ||   281
Throw: Dart              |       |       |     3 ||     3
Invok: Berserk           |       |     1 |     4 ||     5
  Use: Scroll            |       |     5 |     7 ||    12
 Stab: Sleeping          |     4 |     2 |       ||     6
Armor: Animal skin       |    11 |       |       ||    11
       Ring mail         |       |    11 |    40 ||    51
       Plate armour      |       |       |    29 ||    29
Dodge: Dodged            |    47 |    86 |   155 ||   288
Block: Kite shield       |       |       |   109 ||   109
